 Dungeon Crawl Stone Soup version 0.26-a0-190-g75a3d40d47 (console) character file.

Game seed: 14848419455347267279

158 bli the Sneak (level 5, 0/36 HPs)
             Began as an Octopode Brigand on July 4, 2020.
             Slain by an adder (2 damage)
             ... on level 3 of the Dungeon.
             The game lasted 00:07:07 (1959 turns).

bli the Sneak (Octopode Brigand)                    Turns: 1959, Time: 00:07:07

Health: 0/36       AC:  1    Str: 11    XL:     5   Next: 40%
Magic:  5/5        EV: 13    Int: 13    God:
Gold:   98         SH:  0    Dex: 14    Spells: 4/4 levels left

rFire    . . .     SeeInvis .   a - +2 dagger
rCold    . . .     Faith    .   (no shield)
rNeg     . . .     Spirit   .   (helmet restricted)
rPois    .         Reflect  .   (no amulet)
rElec    .         Harm     .   (no ring)
rCorr    .                      (no ring)
MR       .....                  (no ring)
Stlth    ++++......             (no ring)
HPRegen  0.12/turn              (no ring)
MPRegen  0.09/turn              (no ring)
                                (no ring)
                                (no ring)

@: lethally poisoned (0 -> -1)
A: almost no armour, stealthy swim, amphibious, 8 rings, constrict 8, camouflage
1, gelatinous body 1
a: no special abilities


You were on level 3 of the Dungeon.
You were not hungry.

You visited 1 branch of the dungeon, and saw 3 of its levels.

You collected 98 gold pieces.

Inventory:

Hand Weapons
 a - a +2 dagger (weapon)
 b - a +1 dagger of protection
 q - a +0 rapier
Missiles
 c - 2 curare-tipped darts
 e - 67 stones
 g - 35 arrows
 k - 2 throwing nets
 l - 21 poisoned darts (quivered)
 r - 22 sling bullets
 s - 2 boomerangs
Scrolls
 h - 2 scrolls of enchant armour {unknown}
 j - 3 scrolls of identify {unknown}
 m - a scroll of remove curse {unknown}
 n - a scroll of noise {unknown}
Potions
 i - a potion of curing {unknown}
 o - a potion of mutation {unknown}
 p - a potion of heal wounds {unknown}
Comestibles
 d - 6 rations
 f - 6 chunks of flesh


   Skills:
 * Level 3.3 Fighting
 + Level 2.5 Short Blades
 + Level 2.6 Throwing
 + Level 2.2 Dodging
 + Level 6.6 Stealth


You had 4 spell levels left.
You didn't know any spells.
Your spell library was empty.

Dungeon Overview and Level Annotations

Branches:
Dungeon (3/15)

Altars:
Gozag


Innate Abilities, Weirdness & Mutations

You cannot wear most types of armour.
You are very stealthy in the water. (Stealth+)
You are amphibious.
You can wear up to eight rings at the same time.
You can use your tentacles to constrict eight enemies at once.
Your skin changes colour to match your surroundings (Stealth+).
Your rubbery body absorbs attacks. (AC +1, EV +1)


Message History

You miss the bat. Your grab misses the bat. Your squeeze misses the bat.
The bat misses you. The bat hits you.
You miss the bat. Your grab misses the bat. The bat barely misses you.
The bat closely misses you.
You barely miss the bat. You grab the bat. You squeeze the bat.
You kill the bat!
The adder bites you.
* * * LOW HITPOINT WARNING * * *
You are poisoned.
The adder poisons you!
You feel sick.
It was a potion of cancellation.
You feel magically purged. The adder bites you.
* * * LOW HITPOINT WARNING * * *
You hit the adder. Your grab misses the adder.
The adder is lightly wounded.
The adder barely misses you.
You barely miss the adder. You grab the adder. You squeeze the adder!
The adder is almost dead.
You constrict the adder.
* * * LOW HITPOINT WARNING * * *
You feel sick. The adder bites you.
You die...

.<..... . #.....# ##.
##.....# #.. .......# #.#
### .....##
####.######### ...
.####.... .............
..
!.......#######..........
#.)...@SSr..........
##.#######.......... #..#
#.......... ##.#
#........... #.#
#.########## #.#####.
#.#..... ####.#.#### #
#......#
.#########.##.####
...........##....#


You could see 2 adders and a rat.

Vanquished Creatures
  An ogre (D:3)
  An adder (D:3)
  An ooze (D:2)
  2 worms (D:2)
  2 orcs (D:3)
  5 bats
  3 giant cockroaches
  8 hobgoblins
  5 jackals (D:3)
  A quokka (D:2)
  2 frilled lizards (D:2)
  7 goblins
  8 kobolds
  5 rats (D:1)
51 creatures vanquished.

Notes
Turn   | Place    | Note
-------+----------+-------------------------------------------
     0 | D:1      | bli the Octopode Brigand began the quest for the Orb.
     0 | D:1      | Reached XP level 1. HP: 14/14 MP: 1/1
   139 | D:1      | Reached XP level 2. HP: 14/19 MP: 2/2
   445 | D:1      | Reached skill level 6 in Stealth
   725 | D:1      | You fall into a shaft and drop 1 floor!
   922 | D:2      | Reached XP level 3. HP: 25/25 MP: 3/3
  1268 | D:2      | Found an opulent altar of Gozag.
  1608 | D:3      | Reached XP level 4. HP: 30/30 MP: 4/4
  1838 | D:3      | Noticed an ogre
  1855 | D:3      | Killed an ogre
  1855 | D:3      | Reached XP level 5. HP: 13/36 MP: 5/5
  1959 | D:3      | Slain by an adder

Illustrated notes

Levels and vault maps discovered:
D:1:      nicolae_arrival_memento_mori, layout_basic
D:2:      layout_basic, grunt_gozag_breadcrumbs, minmay_misc_feat_tower
D:3:      layout_rooms, first_ration

Skill      XL: |  1  2  3  4 |
---------------+-------------+-----
Stealth        | 6 |  6.6
Fighting       | 3 |  3.3
Dodging        | 2 |  2.2
Short Blades   | |  2.5
Throwing       | |  2.6

Action                   |  1- 3 |  4- 6 || total
-------------------------+-------+-------++-------
Melee: Dagger            |    74 |    31 ||   105
       Constrict         |    21 |     7 ||    28
       Tentacles         |    15 |     7 ||    22
Throw: Dart              |     6 |    12 ||    18
  Use: Potion            |       |     1 ||     1
 Stab: Sleeping          |     5 |     1 ||     6
       Distracted        |     1 |       ||     1
  Eat: Chunk             |     2 |     1 ||     3
Armor: Skin              |     6 |     2 ||     8
Dodge: Dodged            |    40 |    35 ||    75

Table legend:
 A = Non-vault XP
 B = Vault XP
 C = Vault XP percentage of total XP
 D = Non-vault monster count
 E = Vault monster count
 F = Vault count percentage of total count
                 A         B        C        D         E       F
            +---------+---------+-------+---------+---------+-------
      Total |     227 |       0 |   0.0 |      51 |       0 |   0.0
            +---------+---------+-------+---------+---------+-------
        D:1 |      22 |       0 |   0.0 |      16 |       0 |   0.0
        D:2 |      49 |       0 |   0.0 |      22 |       0 |   0.0
        D:3 |     156 |       0 |   0.0 |      13 |       0 |   0.0
            +---------+---------+-------+---------+---------+-------
